 Dungeon Crawl Stone Soup version 0.19-a0-1193-g2641e52 (webtiles) character file.

46 JustSomeDude the Skirmisher (level 3, 0/29 HPs)
             Began as a Demonspawn Fighter on Aug 19, 2016.
             Killed by divine providence
             ... invoked by an orc priest
              (16 damage)
             ... on level 3 of the Dungeon.
             The game lasted 00:01:21 (1301 turns).

JustSomeDude the Skirmisher (Demonspawn Fighter)    Turns: 1301, Time: 00:01:22

Health: 0/29       AC:  8    Str: 17    XL:     3   Next: 44%
Magic:  3/3        EV:  7    Int:  9    God:
Gold:   61         SH:  9    Dex: 12    Spells: 0 memorised, 2 levels left

rFire  . . .     SeeInvis .     a - +0 trident
rCold  . . .     Gourm    .     b - +0 scale mail
rNeg   . . .     Faith    .     c - +0 shield
rPois  .         Spirit   .     (no helmet)
rElec  .         Dismiss  .     (no cloak)
rCorr  .         Reflect  .     (no gloves)
MR     .....     Harm     .     (no boots)
Stlth  ..........               (no amulet)
                                (no ring)
                                (no ring)

@: no status effects
A: iridescent scales 1
a: no special abilities


You were on level 3 of the Dungeon.
You were not hungry.

You visited 1 branch of the dungeon, and saw 3 of its levels.

You collected 61 gold pieces.

Inventory:

Hand Weapons
 a - a +0 trident (weapon)
Armour
 b - a +0 scale mail (worn)
 c - a +0 shield (worn)
Jewellery
 j - a +2 ring of protection {unknown}
 p - an uncursed amulet of the gourmand {unknown}
Scrolls
 g - 3 scrolls of identify {unknown}
 k - 3 scrolls of remove curse {unknown}
 n - a scroll of immolation {unknown}
 o - 3 scrolls of teleportation {unknown}
Potions
 d - 3 potions of might
 e - 2 potions of invisibility {unknown}
 h - a potion of curing {unknown}
 m - a potion of beneficial mutation {unknown}
Comestibles
 f - 3 bread rations
 i - a meat ration
 l - 8 fruits
 q - a slice of pizza
 s - a beef jerky


   Skills:
 + Level 3.4 Fighting
 + Level 1.9 Polearms
 + Level 3.0 Armour
 + Level 1.0 Dodging
 + Level 3.1 Shields


You had 2 spell levels left.
You didn't know any spells.

Dungeon Overview and Level Annotations

Branches:
Dungeon (3/15)

Altars:
Nemelex Xobeh


Innate Abilities, Weirdness & Mutations

You are partially covered in iridescent scales. (AC +2)


Message History

The orc hits you but does no damage.
You hear some strange, mumbled words.
A puff of frost appears from out of thin air!
The puff of frost hits you! The orc hits you but does no damage.
You barely miss something.
You hear some strange, mumbled words.
A puff of flame appears from out of thin air!
The puff of flame hits you! Something hits you but does no damage.
The orc hits you.
You hit something. Something hits you but does no damage.
The orc hits you but does no damage.
You hear some strange, mumbled words.
A magic dart appears from out of thin air!
The magic dart hits you!
You closely miss something. Something hits you but does no damage.
You block the orc's attack.
The orc priest mumbles some strange prayers to Beogh against you.
Beogh smites you!
Ouch! That really hurt!
You die...

#†###.##.# #.#
#.# #.##.# #.#
#.###.##.# #..
#..##.##.# ###
##.##.##.#######
#.............#
#..####.#####.#
#..# #.# #.#
#..# #@# #.#
#..# #{o......
#... oo#####<#
#.## ##.# #.# #.
#.# #.# ... #.#
... ...


You could see an orc priest and 2 orcs.

Vanquished Creatures
  2 dart slugs (D:1)
  2 giant geckos (D:2)
  An orc (D:3)
  5 bats
  A giant cockroach (D:3)
  5 goblins
  7 hobgoblins
  4 jackals (D:1)
  2 kobolds (D:1)
  A quokka (D:2)
  3 rats
33 creatures vanquished.

Notes
Turn   | Place    | Note
-------+----------+-------------------------------------------
     0 | D:1      | JustSomeDude the Demonspawn Fighter began the quest for the Orb.
     0 | D:1      | Reached XP level 1. HP: 18/18 MP: 1/1
    95 | D:1      | Gained mutation: You are partially covered in iridescent scales. (AC +2) [demonic ancestry]
    95 | D:1      | Reached XP level 2. HP: 20/24 MP: 2/2
   115 | D:1      | Found a sparkling altar of Nemelex Xobeh.
   614 | D:2      | Reached XP level 3. HP: 22/29 MP: 3/3
  1073 | D:2      | Reached skill level 1 in Dodging
  1301 | D:3      | Killed from afar by an orc priest

Vault maps used:
D:1:      dpeg_arrival_arbitrary_b, corexii_corridor_pit,
          nemelex_xobeh_ov_fountains_minmay
D:2:      first_bread
D:3:      nemelex_lonely_heart_becter

Skill      XL: |  1  2  3 |
---------------+----------+-----
Shields        | 3 |  3.1
Armour         | 3 |  3.0
Dodging        | 1 |  1.0
Fighting       | |  3.4
Polearms       | |  1.9

Action                   || total
-------------------------++-------
Melee: Trident           ||   124
  Eat: Chunk             ||     1
Armor: Scale mail        ||    61
Dodge: Dodged            ||    38
Block: Shield            ||    51
